 Dungeon Crawl Stone Soup version 0.24.0-2-g5b39cebb1c (webtiles) character file.

Game seed: 6783287893330674968, levelgen mode: deterministic

2604 Esekla the Carver (level 9, -5/91 HPs)
             Began as an Octopode Abyssal Knight on Oct 30, 2019.
             Was an Elder of Lugonu.
             Slain by a gnoll
             ... wielding a +0 spear
              (11 damage)
             ... on level 7 of the Dungeon.
             The game lasted 00:55:17 (7192 turns).

Esekla the Carver (Octopode Abyssal Knight)         Turns: 7192, Time: 00:55:17

Health: -5/91      AC:  1    Str: 16    XL:     9   Next: 59%
Magic:  0/12       EV: 21    Int: 19    God:    Lugonu [****..]
Gold:   393        SH:  0    Dex: 20    Spells: 6/12 levels left

rFire    . . .     SeeInvis +   a - +1 falchion
rCold    . . .     Gourm    .   (no shield)
rNeg     . . .     Faith    .   (helmet restricted)
rPois    .         Spirit   +   k - amulet of guardian spirit
rElec    .         Reflect  .   e - ring of see invisible
rCorr    .         Harm     .   r - +2 ring of slaying
MR       .....                  (no ring)
Stlth    ..........             (no ring)
HPRegen  0.25/turn              (no ring)
MPRegen  0.13/turn              (no ring)
                                (no ring)
                                (no ring)

@: brilliant, agile, berserking, lethally poisoned (-5 -> -10), marked, hasted,
glowing, very quick
A: almost no armour, stealthy swim, amphibious, 8 rings, constrict 8, camouflage
1, gelatinous body 1
a: Depart the Abyss, Bend Space, Banish, Corrupt, Renounce Religion


You were on level 7 of the Dungeon.
You worshipped Lugonu.
Lugonu was greatly pleased with you.
You were near starving.

You visited 1 branch of the dungeon, and saw 7 of its levels.
You visited the Abyss 1 time.
You also visited: Sewer and Ossuary.

You collected 393 gold pieces.

Inventory:

Hand Weapons
 a - a +1 falchion (weapon)
 s - a +0 short sword
 t - a +0 trident
 y - a +4 battleaxe
Missiles
 c - 5 javelins
 d - 46 poisoned darts (quivered)
 i - 3 boomerangs
Jewellery
 e - a ring of see invisible (left tentacle)
 k - an amulet of guardian spirit (around mantle)
 r - a +2 ring of slaying (right tentacle)
Wands
 f - a wand of polymorph (7)
 B - a wand of flame (20)
Scrolls
 g - a scroll of teleportation
 l - 9 scrolls of remove curse
 m - 2 scrolls of enchant armour
 n - a scroll of immolation {unknown}
 A - a scroll of identify
 C - a scroll of magic mapping {unknown}
 D - a scroll of amnesia
Potions
 h - a potion of lignification {unknown}
 j - 3 potions of cancellation
 o - a potion of haste
 p - a potion of mutation
 q - a potion of heal wounds
 u - 6 potions of curing
 v - 3 potions of agility
 w - 2 potions of brilliance
 x - a potion of flight
Comestibles
 b - 11 rations


   Skills:
 + Level 5.1 Fighting
 + Level 2.2(6.1) Short Blades
 * Level 9.0(9.2) Long Blades
 + Level 4.3 Dodging
 + Level 8.7 Stealth
 * Level 2.2 Spellcasting
 + Level 0.1 Conjurations
 + Level 2.2 Invocations


You had 6 spell levels left.
You knew the following spells:

 Your Spells              Type           Power        Failure   Level  Hunger
a - Conjure Flame         Conj/Fire      ##......     5%          3    ###....
c - Mephitic Cloud        Conj/Pois/Air  ##......     5%          3    ###....

Your spell library contained the following spells:

 Spells                   Type           Power        Failure   Level  Hunger
 Magic Dart               Conj           ##..         1%          1    #......
 Blink                    Tloc           N/A          3%          2    ##.....
 Call Imp                 Summ           ##......     3%          2    ##.....
 Slow                     Hex            ##......     3%          2    ##.....


Dungeon Overview and Level Annotations

Branches:
Dungeon (7/15)             Temple (0/1) D:7           Sewer (visited)
Ossuary (visited)

Altars:
Gozag
Hepliaklqana
Qazlal

Annotations:
D:7 Dowan


Innate Abilities, Weirdness & Mutations

You cannot wear most types of armour.
You are very stealthy in the water. (Stealth+)
You are amphibious.
You can wear up to eight rings at the same time.
You can use your tentacles to constrict eight enemies at once.
Your skin changes colour to match your surroundings (Stealth+).
Your rubbery body absorbs attacks. (AC +1, EV +1)


Message History

Your Stealth skill increases to level 8!
Your Spellcasting skill increases to level 2!
You feel sick. The gnoll closely misses you.
You slash the kobold!
You kill the kobold!
Lugonu accepts your kill.
You feel sick. The gnoll hits you with a +0 spear.
* * * LOW HITPOINT WARNING * * *
Items here: )) †† a +0 short sword x2; a kobold corpse x2
You hit the gnoll. Your grab misses the gnoll.
The gnoll is moderately wounded.
* * * LOW HITPOINT WARNING * * *
You feel sick.
You hit the gnoll. You grab the gnoll.
The gnoll is severely wounded.
You constrict the gnoll, but do no damage.
The gnoll hits you with a +0 spear!
You die...

......#......##.#.........# #####
###...#.#.##..............###...#
###.....#.....#.##.......###.....
.###.#.(..##..#...........###....
.....#.##.......##.#.......#.....
..........#.##.........<.........
.....##...#....##.e...##.........
................)(.....##........
............K.).@gh....##........
..............(.....##..........#
............(....................
.[.............#.##.........###..
......##......######........##...
......##(..##..#####.............
..............##......##...##..##
...÷.###....#......#####...##...#
.....# #hK.##.#......###...#...##


You could see a black bear, Dowan (confused), a gnoll and a kobold (confused).

Vanquished Creatures
  Harold (D:7)
  Duvessa (D:7)
  A sky beast (D:6)
  Purgy (Sewer)
  A phantom (D:5)
  2 ogres
  A big kobold (D:6)
  A bullfrog (D:7)
  2 scorpions
  4 wights (D:6)
  6 crimson imps
  4 hounds
  3 orc priests
  2 orc wizards
  A bullfrog skeleton (D:4)
  An iguana (D:4)
  5 worker ants
  3 mummies (Ossuary)
  A worker ant zombie (D:6)
  3 gnolls (D:5)
  7 adders
  A shadow imp (D:7)
  2 oozes
  An adder skeleton (D:7)
  7 adder zombies
  7 worms
  2 dart slugs (D:2)
  3 leopard geckos
  10 orcs
  4 bats
  3 giant cockroaches
  6 goblins
  3 hobgoblins
  8 jackals
  2 quokkas
  5 frilled lizards
  A giant cockroach zombie (D:6)
  4 goblin zombies (Ossuary)
  A jackal skeleton (D:6)
  15 kobolds
  3 kobold zombies (Ossuary)
  3 quokka zombies (Ossuary)
  6 rats
  2 rat zombies (Ossuary)
150 creatures vanquished.

Vanquished Creatures (others)
  A quokka (D:7)
1 creature vanquished.

Grand Total: 151 creatures vanquished

Notes
Turn   | Place    | Note
-------+----------+-------------------------------------------
     0 | Abyss:1  | Esekla the Octopode Abyssal Knight began the quest for the
                  | Orb.
     0 | Abyss:1  | Reached XP level 1. HP: 16/16 MP: 2/2
    34 | Abyss:1  | Noticed a large abomination
    38 | Abyss:1  | Noticed a small abomination
    57 | Abyss:2  | Found a corrupted altar of Lugonu.
    71 | Abyss:2  | Noticed a wretched star
    77 | Abyss:2  | Noticed a raiju
    88 | D:1      | Escaped the Abyss
    97 | D:1      | Reached * piety under Lugonu
   181 | D:1      | Reached XP level 2. HP: 21/21 MP: 3/3
   294 | D:2      | Reached skill level 1 in Stealth
   296 | D:2      | Reached XP level 3. HP: 7/26 MP: 4/4
  1375 | D:2      | Reached XP level 4. HP: 31/31 MP: 5/5
  1402 | D:2      | Reached skill level 3 in Long Blades
  1599 | D:2      | Found a stormy altar of Qazlal.
  2044 | D:4      | Reached ** piety under Lugonu
  2086 | D:4      | Reached XP level 5. HP: 16/37 MP: 6/6
  2105 | D:4      | Found a glowing drain.
  2260 | Sewer    | Entered a sewer
  2406 | Sewer    | Noticed Purgy
  2430 | Sewer    | Killed Purgy
  2529 | D:4      | Reached skill level 4 in Long Blades
  2679 | D:4      | Reached XP level 6. HP: 41/43 MP: 4/7
  3777 | D:5      | Entered Level 5 of the Dungeon
  3818 | D:5      | Found a sand-covered staircase.
  3839 | Ossuary  | Entered an ossuary
  3847 | Ossuary  | Reached skill level 5 in Long Blades
  3847 | Ossuary  | Reached skill level 5 in Stealth
  3851 | Ossuary  | Reached XP level 7. HP: 30/48 MP: 5/8
  4425 | D:5      | Reached *** piety under Lugonu
  4660 | D:5      | Reached skill level 6 in Long Blades
  5152 | D:5      | Found a hazy altar of Hepliaklqana.
  5155 | D:5      | Found an opulent altar of Gozag.
  5412 | D:6      | Reached XP level 8. HP: 49/54 MP: 7/9
  5742 | D:6      | Reached skill level 7 in Long Blades
  6172 | D:6      | Learned a level 3 spell: Conjure Flame
  6176 | D:6      | Learned a level 3 spell: Mephitic Cloud
  6309 | D:7      | Noticed Harold
  6322 | D:7      | Reached skill level 8 in Long Blades
  6381 | D:7      | Noticed Duvessa
  6382 | D:7      | Found a staircase to the Ecumenical Temple.
  6592 | D:7      | Noticed Dowan
  6718 | D:7      | Reached **** piety under Lugonu
  6785 | D:7      | Reached XP level 9. HP: 60/60 MP: 10/10
  6860 | D:7      | Reached skill level 1 in Short Blades
  6860 | D:7      | Reached skill level 1 in Spellcasting
  7186 | D:7      | Killed Duvessa
  7188 | D:7      | Killed Harold
  7188 | D:7      | Reached skill level 5 in Fighting
  7188 | D:7      | Reached skill level 9 in Long Blades
  7192 | D:7      | Slain by a gnoll

Levels and vault maps discovered:
D:1:      minmay_arrival_five_plusses, layout_loops_corners
D:2:      layout_rooms, serial_park_tiny_2, grunt_qazlal_sundering
D:3:      layout_loops_ring
D:4:      layout_basic, cheibrodos_sewer_entry_bend, grunt_decor_resistance,
          minmay_fractal_squares_5
D:5:      layout_basic, nicolae_overflow_hidden_temple,
          nicolae_ossuary_entry_monument, first_ration
D:6:      layout_loops_corners
D:7:      layout_cave_pools, minmay_temple_entry_ruins, xom_confusion_cloud,
          uniq_harold, uniq_duvessa

Skill      XL: |  1  2  3  4  5  6  7  8  9 |
---------------+----------------------------+-----
Stealth        | 1 2 3 4 5 6 7 8 |  8.7
Long Blades    | 3 4 5 6 8 9 |  9.0
Dodging        | 3 4 |  4.3
Fighting       | 4 5 |  5.1
Short Blades   | 2 |  2.2
Spellcasting   | 2 |  2.2
Conjurations   | |  0.1
Invocations    | |  2.2

Action                   |  1- 3 |  4- 6 |  7- 9 || total
-------------------------+-------+-------+-------++-------
Melee: Falchion          |    47 |    67 |   177 ||   291
       Constrict         |    12 |    23 |    52 ||    87
       Tentacles         |     5 |    15 |    45 ||    65
       Short sword       |       |     7 |    15 ||    22
Throw: Javelin           |     1 |     2 |       ||     3
       Boomerang         |       |    12 |    17 ||    29
       Dart              |       |       |     2 ||     2
 Cast: Mephitic Cloud    |       |       |     2 ||     2
Invok: Depart the Abyss  |     1 |       |       ||     1
       Bend Space        |       |       |     2 ||     2
  Use: Scroll            |       |    11 |     2 ||    13
       Potion            |       |     1 |     8 ||     9
 Stab: Sleeping          |     9 |     5 |    17 ||    31
       Distracted        |       |     1 |     4 ||     5
       Confused          |       |       |     2 ||     2
  Eat: Chunk             |     1 |     8 |     6 ||    15
       Ration            |       |       |     1 ||     1
Armor: Skin              |     3 |     7 |    11 ||    21
Dodge: Dodged            |    26 |    47 |   135 ||   208
       Rpst.: Falchion   |     8 |    15 |    34 ||    57
